 Dungeon Crawl Stone Soup version 0.28-a0-845-gfc338a8e3c (webtiles) character file.

Game seed: 17329354618910081953

314 ryw the Summoner (level 6, -7/32 HPs)
             Began as a Deep Elf Summoner on Nov 12, 2021.
             Mangled by RatsInWall's ghost (12 damage)
             ... on level 3 of the Dungeon.
             The game lasted 00:09:34 (3836 turns).

ryw the Summoner (Deep Elf Summoner)                Turns: 3836, Time: 00:09:35

Health: -7/32      AC:  3    Str:  5 (7)  XL:     6   Next: 19%
Magic:  2/12       EV: 12    Int: 21 (22) God:
Gold:   41         SH:  0    Dex: 13 (15) Spells: 1/11 levels left

rFire   . . .      SeeInvis .   g - +0 whip (holy)
rCold   . . .      Faith    .   (no shield)
rNeg    + . .      Spirit   .   a - +0 robe
rPois   .          Reflect  .   i - +0 helmet
rElec   .          Harm     .   (no cloak)
rCorr   .          Rampage  .   (no gloves)
Will    +....                   (no boots)
Stlth   ++........              (no amulet)
HPRegen 0.10/turn               p - ring of positive energy
MPRegen 0.13/turn               c - ring of willpower

@: no status effects
A: mutation resistance 1, strong 1
a: no special abilities


You were on level 3 of the Dungeon.
You visited 1 branch of the dungeon, and saw 3 of its levels.

You collected 41 gold pieces.

Inventory:

Hand Weapons
 g - a +0 whip of holy wrath (weapon)
Missiles
 e - 2 atropa-tipped darts
 q - 2 curare-tipped darts
Armour
 a - a +0 robe (worn)
 i - a +0 helmet (worn)
Magical Staves
 m - a staff of fire
Jewellery
 c - a ring of willpower (right hand)
 p - a ring of positive energy (left hand)
 r - a ring of fire
Scrolls
 d - a scroll of vulnerability {unknown}
 f - 2 scrolls of teleportation {unknown}
 h - a scroll of noise {unknown}
 j - a scroll of identify {unknown}
 k - a scroll of silence {unknown}
Potions
 b - a potion of cancellation {unknown}
 l - 3 potions of curing {unknown}
 o - a potion of degeneration


   Skills:
 - Level 2.4 Dodging
 - Level 2.4 Stealth
 - Level 3.0 Spellcasting
 + Level 8.3 Summonings


You had one spell level left.
You knew the following spells:

 Your Spells              Type           Power      Damage    Failure   Level
a - Summon Small Mammal   Summ           100%       N/A       1%          1
b - Call Imp              Summ           38%        N/A       1%          2
c - Call Canine Familiar  Summ           38%        N/A       1%          3
d - Summon Lightning Spi  Summ/Air       20%        N/A       24%         4

Your spell library contained the following spells:

 Spells                   Type           Power      Damage    Failure   Level
 Foxfire                  Conj/Fire      12%        2x1d4     13%         1
 Summon Guardian Golem    Hex/Summ       20%        N/A       8%          3
 Ignite Poison            Fire/Tmut/Pois 3%         N/A       36%         3
 Agony                    Necr           3%         N/A       98%         5
 Borgnjor's Vile Clutch   Necr/Erth      1%         N/A       98%         5
 Borgnjor's Revivificati  Necr           1%         N/A       100%        8
 Necromutation            Tmut/Necr      1%         N/A       100%        8
 Death's Door             Necr           1%         N/A       100%        9


Dungeon Overview and Level Annotations

Branches:
Dungeon (3/15)

Altars:

Shops:
D:2 [

Annotations:
D:3 1 transporter, RatsInWall's ghost, amateur FoFi


Innate Abilities, Weirdness & Mutations

You are somewhat resistant to further mutation.
Your muscles are strong. (Str +2)


Message History

RatsInWall's ghost is lightly damaged.
Your wolf bites RatsInWall's ghost but does no damage.
RatsInWall's ghost hits you!
* * * LOW HITPOINT WARNING * * *
Your wolf bites RatsInWall's ghost.
RatsInWall's ghost barely misses you.
Unknown command.
Something bites your wolf but does no damage.
Something claws your wolf but does no damage. x2
Your wolf bites RatsInWall's ghost but does no damage.
Your wolf closely misses RatsInWall's ghost.
Something barely misses your wolf. Something misses your wolf.
Something claws your wolf but does no damage.
You see here a staff of cold.
You see here a +6 ring of dexterity.
Your wolf misses RatsInWall's ghost.
Your wolf bites RatsInWall's ghost.
RatsInWall's ghost whispers, "The ORB doesn't exist."
Your wolf bites RatsInWall's ghost.
The quasit closely misses your wolf. The quasit barely misses your wolf.
The quasit completely misses your wolf.
Casting: Call Imp (safe; 1% risk of failure)
Confirm with . or Enter, or press ? or * to list all spells.
Okay, then.
It was a potion of degeneration.
There was something very wrong with that liquid.
You feel weakened.
You feel dopey.
You feel clumsy.
Your wolf closely misses RatsInWall's ghost.
The quasit completely misses you. The quasit closely misses you. x2
The quasit bites your wolf but does no damage.
The quasit closely misses your wolf. The quasit completely misses your wolf.
Your wolf bites RatsInWall's ghost.
It was a potion of mutation.
You feel extremely strange.
You feel stronger.
You feel genetically stable. The quasit bites you.
* * * LOW HITPOINT WARNING * * *
The quasit claws you.
* * * LOW HITPOINT WARNING * * *
The quasit claws you but does no damage.
The quasit misses you. The quasit barely misses you.
The quasit closely misses you. RatsInWall's ghost hits you!
You die...

.#............#.#...#...#.......#
.#.#....####..#".#.##..##..######
#.#....# #..##.#...#.#©..# #
###### #...#|#.....##.## ##
#..©#(=.©#...#.# #.
##..#.5#...#.#.# #.
#.##hr...#?##.# ###.
#.#W5#.#...#..# ##...
#5#.@#.#...#.## #.)##
..#####.##......©#.# #.##.
.........###...###.# ##.#..
..####.#...#####...###..##5
.........5...........)†.#h
.####.#........########...
#.##.##+#### ##.. #. #.##.# ##.
.. ...#.# ##


You could see 2 quasits, RatsInWall's ghost (ally target), a friendly wolf
(summoned) and a friendly quokka (summoned).

Vanquished Creatures
  An adder (D:2)
  A dart slug (D:1)
  5 bats
  3 endoplasms
  2 goblins
  A hobgoblin (D:1)
  A ball python (D:3)
  A frilled lizard (D:1)
  3 rats
18 creatures vanquished.

Vanquished Creatures (collateral kills)
  A bullfrog (D:3)
  A wight (D:3)
  A quasit (D:3)
  Jessica (D:2)
  An iguana (D:3)
  4 adders
  A worm (D:3)
  2 dart slugs (D:3)
  5 orcs (D:3)
  4 endoplasms
  3 giant cockroaches
  3 goblins (D:1)
  5 hobgoblins
  3 quokkas
  3 ball pythons
  6 bats
  4 frilled lizards
  3 kobolds
  5 rats
56 creatures vanquished.

Grand Total: 74 creatures vanquished

Notes
Turn   | Place    | Note
-------+----------+-------------------------------------------
     0 | D:1      | ryw the Deep Elf Summoner began the quest for the Orb.
     0 | D:1      | Reached XP level 1. HP: 10/10 MP: 6/6
   481 | D:1      | Reached XP level 2. HP: 15/15 MP: 5/8
   517 | D:1      | Learned a level 2 spell: Call Imp
   612 | D:1      | Reached skill level 5 in Summonings
   931 | D:1      | Found a faded altar of an unknown god.
  1748 | D:2      | Reached XP level 3. HP: 19/19 MP: 6/9
  2093 | D:2      | Reached skill level 6 in Summonings
  2095 | D:2      | Reached XP level 4. HP: 24/24 MP: 5/10
  2100 | D:2      | Noticed Jessica
  2104 | D:2      | Killed Jessica
  2142 | D:2      | Found Erif's Armour Emporium.
  2247 | D:2      | Learned a level 3 spell: Call Canine Familiar
  2780 | D:3      | Found a transporter.
  2880 | D:3      | Noticed a bullfrog
  2890 | D:3      | Killed a bullfrog
  2891 | D:3      | Reached skill level 7 in Summonings
  2891 | D:3      | Reached XP level 5. HP: 28/28 MP: 6/11
  2940 | D:3      | Learned a level 4 spell: Summon Lightning Spire
  3000 | D:3      | Found a transporter.
  3003 | D:3      | Noticed RatsInWall's ghost (amateur FoFi)
  3473 | D:3      | Reached skill level 8 in Summonings
  3473 | D:3      | Reached XP level 6. HP: 32/32 MP: 0/12
  3595 | D:3      | Got the Handbook of Scorching Unholy Secrets
  3836 | D:3      | Gained mutation: Your muscles are strong. (Str +2) [potion
                  | of mutation]
  3836 | D:3      | Gained mutation: You are somewhat resistant to further
                  | mutation. [potion of mutation]
  3836 | D:3      | Mangled by RatsInWall's ghost

Illustrated notes

Levels and vault maps discovered:
D:1:      onia_arrival_mini_maze, layout_loops_corners,
          hellmonk_ecumenical_altar_slurped_away, st_stairs_6
D:2:      layout_rooms, serial_shops, shop, uniq_jessica
D:3:      layout_basic, gammafunk_ghost_stat_death, minmay_joined_circles

Skill      XL: |  1  2  3  4  5 |
---------------+----------------+-----
Summonings     | 5 6 7 8 |  8.3
Dodging        | |  2.4
Stealth        | |  2.4
Spellcasting   | |  3.0

Action                   |  1- 3 |  4- 6 || total
-------------------------+-------+-------++-------
Melee: Short sword       |    23 |       ||    23
       Whip              |    23 |    31 ||    54
 Cast: Summon Small Mamm |    22 |    10 ||    32
       Call Imp          |    12 |    12 ||    24
       Call Canine Famil |       |    11 ||    11
  Use: Potion            |       |     2 ||     2
 Stab: Sleeping          |     4 |     3 ||     7
Armor: Robe              |    22 |    15 ||    37
Dodge: Dodged            |    53 |    44 ||    97

Table legend: (Time is in decaauts)
 A = Elapsed time spent in this place.
 B = Non-inter-level travel time spent in this place.
 C = Inter-level travel time spent in this place.
 D = Time resting spent in this place.
 E = Time spent auto-exploring this place.
 F = Levels seen in this place.
 G = Mean time per level.
                   A        B        C        D        E       F      G
               +--------+--------+--------+--------+--------+-----+--------+
         Total |   3841 |   3752 |     89 |    440 |   2583 |   3 | 1280.3 |
       Dungeon |   3841 |   3752 |     89 |    440 |   2583 |   3 | 1280.3 |
               +--------+--------+--------+--------+--------+-----+--------+

Top non-repeatable levels by time:
     D:1: 1672 daAuts
     D:3: 1590 daAuts
     D:2: 577 daAuts
